cohdb
Replays
Latest Replays
All Replays
Popular Replays
Top Player Replays
Match Explorer
How It Works
Community
CoH3 Stats
Reddit
Sign in to upload your games and track your stats! →
Sign in with Steam
Match 42534908
Unlisted
Match 42534908
Overview
Messages
Build Orders
End
Construct Infanterie Kompanie
Selects Mechanized Battlegroup
Grenadier Squad
MG 42 Machine Gun Team
Grenadier Squad
Infanterie Officer Quarters
Medical Station
Grenadier Squad
Construct Luftwaffe Kompanie
Selects Raid Package
MG 42 Bunker
221 Scout Car
Selects 8 Rad Armored Car
8 Rad Armored Car
Pioneer Squad
Support Elements
Luftwaffe Officer Quarters
Selects Spotting Scopes
Medical Bunker
Construct Panzergrenadier Kompanie
Selects Wespe Self-propelled Artillery
Wespe Self-propelled Artillery
Repair Bunker
Pak 40 Anti-tank Gun Team
Pak 40 Anti-tank Gun Team
Nebelwerfer 42 Rocket Launcher Team
Wespe Self-propelled Artillery
MG 42 Machine Gun Team
MG 42 Machine Gun Team
Jou Ma
阿尔忒弥斯
Fishin
Jd577
ajungcityboy
||||||||||||
SILENCE
R.S.P.
0
0
Comments
sign in to comment!
No comments posted yet!